Map: Cerulean Fall LE

Players

GunGFuBanDa

  • Race: Protoss Protoss
  • League: Grandmaster
  • Spawn Location: 1:00

Lambo - Winner!

  • Race: Zerg Zerg
  • League: Grandmaster
  • Spawn Location: 7:00

VOD

Have the link to the VOD?

Description

Time

  • Played on: Jan. 6, 2019, 12:30 p.m.
  • Length: 13:31
Show
View Real Time Build Order
Export as new Build Order

GunGFuBanDa Protoss 

Build Orders: 1 Gate Expand, Chargelot Immortal 

Get SALT Encoding   

  12  0:01  Probe  
  13  0:13  Probe  
  14  0:20  Pylon  
  14  0:25  Probe  
  15  0:34  Probe  
  15  0:39  Gateway  
  15  0:42  Probe  
  16  0:49  Assimilator  
  17  0:52  Probe  
  18  1:04  Probe  
  19  1:16  Probe  
  19  1:29  Nexus, Probe  
  20  1:39  Cybernetics Core  
  20  1:43  Probe  
  20  1:46  Assimilator  
  20  1:51  Probe  
  21  1:57  Pylon  
  22  2:01  Probe  
  22  2:07  Adept  
  23  2:15  Probe  
  26  2:24  Twilight Council  
  26  2:29  Probe  
  27  2:33  Warp Gate  
  27  2:35  Stalker  
  29  2:39  Probe  
  29  2:42  Probe  
  31  2:47  Probe  
  31  2:54  Probe  
  31  2:57  Probe  
  33  3:05  Probe  
  34  3:06  Probe  
  34  3:07  Charge  
  36  3:13  Probe  
  36  3:18  Probe  
  38  3:24  Robotics Facility, Probe  
  39  3:28  Pylon  
  39  3:30  Probe  
  40  3:35  Gateway  
  40  3:39  Assimilator  
  40  3:45  Gateway  
  40  3:48  Gateway  
  40  3:49  Gateway  
  40  3:56  Gateway  
  40  4:01  Warp Prism  
  40  4:03  Gateway  
  40  4:08  Gateway  
  42  4:20  Pylon  
  42  4:42  Zealot x2  
  42  4:43  Zealot x2  
  50  4:55  Pylon  
  50  5:00  Pylon  
  50  5:05  Zealot x6  
  62  5:10  Pylon  
  62  5:11  Pylon  
  62  5:20  Zealot  
  62  5:21  Zealot  
  60  5:27  Zealot x6  
  60  5:29  Immortal  
  54  5:42  Probe  
  51  5:47  Adept x2  
  55  5:54  Sentry, Probe  
  58  5:58  Immortal  
  58  6:01  Probe  
  63  6:17  Probe x2  
  65  6:25  Immortal  
  65  6:30  Probe  
  62  6:36  Forge  
  66  6:45  Sentry x2, Zealot  
  72  6:51  Nexus  
  72  6:53  Pylon  
  72  7:01  Sentry, Zealot x2  
  74  7:08  Pylon  
  80  7:18  Pylon  
  80  7:21  Probe x2  
  82  7:28  Pylon  
  82  7:30  Immortal, Robotics Bay  
  82  7:33  Forge, Shield Battery  
  82  7:42  Probe x2  
  86  7:50  Zealot x5  
  86  7:51  Zealot  
  94  8:00  Robotics Facility  
  94  8:08  Disruptor  
  94  8:12  Assimilator  
  97  8:20  Probe  
  97  8:21  Probe  
  93  8:31  Shield Battery  
  93  8:32  Pylon  
  89  8:36  Disruptor  
  88  8:47  Zealot x7  
  101  9:04  Disruptor  
  101  9:07  Nexus, Disruptor  
  94  9:29  Blink  
  94  9:33  Stalker  
  94  9:34  Stalker  
  98  9:43  Stalker  
  100  9:51  Probe  
  101  9:58  Observer  
  102  10:10  Nexus  
  102  10:12  Pylon  
  102  10:15  Probe, Pylon  
  103  10:23  Probe  
  103  10:26  Forge  
  104  10:33  Probe  
  104  10:37  Stalker  
  104  10:38  Stalker x3  
  113  10:45  Probe  
  114  10:51  Protoss Ground Weapons Level 1  
  114  10:52  Pylon  
  114  10:55  Shield Battery  
  114  10:57  Probe  
  114  11:10  Probe  
  115  11:16  Stalker x4  
  123  11:19  Probe  
  123  11:22  Probe  
  124  11:27  Probe  
  124  11:28  Stalker x2  
  124  11:29  Stalker x2  
  133  11:50  Pylon  
  133  11:52  Pylon  
  132  11:54  Pylon  
  132  11:56  Pylon  
  131  12:05  Probe  
  105  12:17  Stalker x8  
  97  12:41  Stalker x2  
  97  12:42  Stalker x3  
  106  12:46  Stalker  
  106  12:47  Stalker  
  106  12:49  Sentry  
Show
View Real Time Build Order
Export as new Build Order

Lambo Zerg - Winner!

Build Orders: Hatch First, Muta Ling Bane 

Get SALT Encoding   

  12  0:00  Drone  
  13  0:13  Overlord  
  13  0:18  Drone  
  14  0:32  Drone x2  
  16  0:49  Hatchery  
  15  0:51  Drone  
  15  0:56  Drone  
  17  0:59  Drone  
  18  1:11  Extractor  
  17  1:16  Spawning Pool  
  16  1:20  Drone  
  16  1:23  Drone  
  18  1:31  Drone  
  19  1:41  Drone  
  20  1:51  Drone  
  21  2:02  Drone  
  21  2:03  Queen x2  
  21  2:04  Overlord  
  26  2:12  Drone  
  26  2:14  Drone  
  28  2:25  Drone x2  
  30  2:38  Hatchery  
  30  2:43  Zergling x2  
  30  2:45  Drone x2  
  30  2:48  Overlord  
  32  2:55  Queen  
  34  2:58  Drone  
  34  3:00  Drone  
  36  3:08  Drone x2  
  38  3:14  Drone x5  
  38  3:16  Overlord  
  43  3:20  Lair  
  43  3:23  Drone  
  43  3:25  Spore Crawler  
  43  3:28  Drone  
  44  3:34  Queen  
  44  3:40  Roach Warren  
  45  3:41  Extractor  
  45  3:42  Extractor, Drone x2  
  45  3:44  Drone  
  45  3:47  Drone  
  47  3:49  Drone x2  
  47  3:53  Drone x2  
  51  3:58  Overlord  
  51  3:59  Drone  
  52  4:03  Drone  
  53  4:10  Drone  
  53  4:11  Drone x2  
  53  4:12  Drone  
  53  4:13  Overlord  
  53  4:16  Drone  
  58  4:20  Overseer  
  58  4:22  Roach x3, Overseer  
  64  4:25  Roach  
  66  4:32  Overlord, Glial Reconstitution  
  66  4:34  Roach  
  68  4:39  Roach x3  
  68  4:43  Overlord  
  74  4:47  Overlord  
  74  4:49  Overlord  
  74  4:52  Roach  
  76  4:53  Evolution Chamber  
  76  4:54  Overlord  
  76  4:56  Roach  
  77  5:02  Roach x3  
  77  5:06  Roach x2  
  87  5:09  Roach x2  
  91  5:20  Roach x5  
  100  5:23  Roach  
  98  5:31  Roach  
  98  5:32  Roach  
  98  5:38  Roach x4  
  104  5:46  Drone x6  
  104  5:49  Zerg Missile Weapons Level 1  
  110  5:50  Extractor, Drone  
  110  5:52  Drone  
  110  5:55  Drone x2  
  113  6:07  Extractor  
  113  6:08  Metabolic Boost  
  113  6:09  Baneling Nest  
  111  6:13  Overlord x3  
  111  6:17  Overlord  
  111  6:28  Overlord  
  111  6:31  Queen  
  113  6:34  Roach x8  
  113  6:39  Roach  
  137  6:40  Roach x3  
  137  6:42  Overlord  
  137  6:51  Roach x4  
  145  6:56  Overlord  
  145  7:01  Overlord  
  145  7:03  Ravager x2  
  145  7:04  Roach  
  145  7:07  Centrifical Hooks  
  149  7:15  Roach x4, Zergling x4  
  159  7:23  Overseer  
  159  7:26  Roach, Zergling x4  
  159  7:29  Zergling x6  
  166  7:38  Overseer  
  166  7:46  Roach, Zergling x2  
  166  7:47  Overlord  
  166  7:48  Overlord  
  166  7:49  Overlord  
  169  7:52  Zerg Melee Weapons Level 1  
  169  7:54  Overlord  
  169  7:55  Baneling  
  169  8:03  Baneling x12  
  169  8:04  Overlord  
  169  8:05  Overlord  
  169  8:07  Ravager  
  169  8:08  Zergling x20  
  169  8:12  Roach  
  182  8:16  Baneling  
  182  8:17  Baneling x3  
  182  8:18  Zergling x6  
  185  8:24  Zergling x2  
  185  8:25  Zergling x6  
  178  8:29  Overlord  
  176  8:36  Extractor, Spire  
  178  8:41  Roach x3  
  171  8:49  Overlord  
  171  8:54  Roach x3  
  175  8:57  Overlord  
  175  9:02  Drone x2  
  173  9:07  Drone x3  
  170  9:27  Hatchery  
  170  9:29  Overlord  
  169  9:38  Hatchery  
  168  9:50  Mutalisk x4  
  176  10:00  Mutalisk x2  
  180  10:12  Mutalisk  
  182  10:22  Drone x3  
  182  10:24  Drone x4  
  189  10:37  Ravager x2  
  189  10:40  Zergling x6  
  194  10:46  Zergling x8  
  198  10:54  Overlord  
  198  11:03  Overlord  
  198  11:14  Mutalisk x5  
  198  11:24  Queen, Infestation Pit  
  199  11:27  Overlord  
  199  11:29  Overlord x2  
  199  11:30  Zerg Flyer Weapons Level 1  
  199  11:33  Pneumatized Carapace  
  199  11:38  Extractor  
  198  11:43  Hatchery  
  198  11:44  Extractor  
  196  11:58  Drone x3  
  199  12:02  Overlord  
  199  12:04  Overlord  
  177  12:08  Zergling x2  
  177  12:09  Zergling x18  
  177  12:12  Roach  
  177  12:15  Roach  
  167  12:17  Zergling x2  
  161  12:23  Roach x2, Zergling x6  
  165  12:30  Zergling x4  
  165  12:34  Ravager x9  
  175  12:37  Zergling x8  
  175  12:39  Baneling x6  
  178  12:49  Ravager  
  178  12:50  Baneling x5  
  179  12:54  Zergling x6  
  180  13:00  Zergling x8  
  180  13:01  Zergling x2  
  180  13:03  Zergling x2  
  175  13:06  Overlord  
  147  13:14  Zergling x12  
Tags
 
Add a new tag
Caveats
  • Supply blocks, unpowered buildings, or Contaminate may cause inaccurate times.
  • Supply counts are checked every 10 seconds.